 Dungeon Crawl Stone Soup version 0.27-a0-1188-g73eefd5def (webtiles) character file.

Game seed: 11570289023233284589

168 Strat the Grave Robber (level 5, -7/31 HPs)
             Began as a Tengu Necromancer on May 21, 2021.
             Mangled by a scorpion (9 damage)
             ... on level 4 of the Dungeon.
             The game lasted 00:07:58 (4023 turns).

Strat the Grave Robber (Tengu Necromancer)          Turns: 4023, Time: 00:07:59

Health: -7/31      AC:  3    Str:  9    XL:     5   Next: 48%
Magic:  1/9        EV: 14    Int: 15    God:
Gold:   104        SH:  0    Dex: 15    Spells: 3/8 levels left

rFire    . . .     SeeInvis .   b - +3 spear (vamp)
rCold    . . .     Faith    .   (no shield)
rNeg     . . .     Spirit   .   c - +1 robe
rPois    .         Reflect  .   (helmet restricted)
rElec    .         Harm     .   (no cloak)
rCorr    .         Rampage  .   (no gloves)
Will     .....                  (boots unavailable)
Stlth    ++........             (no amulet)
HPRegen  0.10/turn              (no ring)
MPRegen  0.11/turn              (no ring)

@: mighty, lethally poisoned (-7 -> -23), flying quickly and evasively, very
slightly contaminated, quick
A: beak, talons 3, nimble flight
a: no special abilities


You were on level 4 of the Dungeon.
You visited 1 branch of the dungeon, and saw 4 of its levels.

You collected 104 gold pieces.

Inventory:

Hand Weapons
 a - a +0 short sword
 b - a +3 vampiric spear (weapon)
 i - a +0 club
Missiles
 e - 119 stones
 t - 18 poisoned darts
Armour
 c - a +1 robe (worn)
Jewellery
 f - a ring of protection from fire
 p - an amulet of faith
Wands
 h - a wand of flame (13)
Potions
 j - a potion of lignification
 o - a potion of resistance {unknown}
 r - a potion of mutation {unknown}
 s - a potion of heal wounds {unknown}


   Skills:
 + Level 2.5 Fighting
 - Level 2.1 Dodging
 - Level 2.0 Stealth
 - Level 2.0 Spellcasting
 * Level 6.5 Necromancy


You had 3 spell levels left.
You knew the following spells:

 Your Spells              Type           Power      Damage    Failure   Level
a - Pain                  Necr           84%        1d8       1%          1
b - Animate Skeleton      Necr           42%        N/A       1%          1
c - Vampiric Draining     Necr           10%        2d7       4%          3

Your spell library contained the following spells:

 Spells                   Type           Power      Damage    Failure   Level
 Animate Dead             Necr           10%        N/A       16%         4
 Agony                    Necr           21%        N/A       38%         5


Dungeon Overview and Level Annotations

Branches:
Dungeon (4/15)
 Temple: D:4-7

Altars:


Innate Abilities, Weirdness & Mutations

You have a beak for a mouth.
You have claws for feet.
Your magical nature lets you fly swiftly and evasively.


Message History

The scorpion closely misses you. x2
The ball python hisses angrily.
You hit the scorpion but do no damage. You claw the scorpion.
The scorpion is lightly wounded.
The scorpion stings you!
You hit the scorpion but do no damage. Your peck misses the scorpion.
The scorpion is lightly wounded.
The scorpion stings you.
* * * LOW HITPOINT WARNING * * *
You are poisoned.
The scorpion poisons you!
Casting: Pain (safe; 1% risk of failure)
Confirm with . or Enter, or press ? or * to list all spells.
Aiming: Vampiric Draining (dangerous; 4% risk of failure)
Press: ? - help, Shift-Dir - straight line, f/p - scorpion
Aim: a scorpion (lightly wounded)
You miscast Vampiric Draining.
You are very lightly contaminated with residual magic.
Nothing appears to happen.
* * * LOW HITPOINT WARNING * * *
You feel very sick. The scorpion stings you.
* * * LOW HITPOINT WARNING * * *
You are more poisoned.
The scorpion poisons you! The scorpion barely misses you.
Casting: Vampiric Draining (dangerous; 4% risk of failure)
Confirm with . or Enter, or press ? or * to list all spells.
Aiming: Vampiric Draining (dangerous; 4% risk of failure)
Press: ? - help, Shift-Dir - straight line, f/p - scorpion
Aim: a scorpion (lightly wounded)
You draw life force from the scorpion.
You feel life coursing into your body.
* * * LOW MAGIC WARNING * * *;
* * * LOW HITPOINT WARNING * * *
You feel very sick. The scorpion closely misses you.
It was a potion of might.
You feel very mighty all of a sudden.
* * * LOW HITPOINT WARNING * * *
You feel very sick. The scorpion stings you!
You die...

.#####..#############...#####
#####..#### #..## #.........#
#### ....##..##.# ##
.#..##..##.# ..........).#.#
# ..##.##...#.# #
...[....#.##################
#.#.###..#hs@...........<....
#........h###################
#.#.##..S.......# #.
#.....###..# #. ###..## #.
....) .. ##..#.. ## #......
##.#...


You could see a scorpion and 2 jackals.

Vanquished Creatures
  4 gnolls (D:2)
  2 adders
  2 worms
  3 dart slugs
  5 orcs (D:3)
  8 ball pythons
  7 bats
  6 endoplasms
  4 giant cockroaches
  6 goblins
  10 hobgoblins
  11 jackals
  6 kobolds
  2 quokkas
  6 frilled lizards
  3 rats
85 creatures vanquished.

Vanquished Creatures (others)
  7 plants (D:1)
7 creatures vanquished.

Grand Total: 92 creatures vanquished

Notes
Turn   | Place    | Note
-------+----------+-------------------------------------------
     0 | D:1      | Strat the Tengu Necromancer began the quest for the Orb.
     0 | D:1      | Reached XP level 1. HP: 10/10 MP: 4/4
   361 | D:1      | Reached XP level 2. HP: 13/16 MP: 3/6
   564 | D:1      | Learned a level 1 spell: Animate Skeleton
   683 | D:1      | Reached skill level 1 in Fighting
   788 | D:1      | Reached skill level 5 in Necromancy
   868 | D:1      | Reached XP level 3. HP: 20/20 MP: 7/7
   936 | D:1      | Learned a level 3 spell: Vampiric Draining
  2263 | D:2      | Reached XP level 4. HP: 13/26 MP: 4/8
  2757 | D:2      | Reached skill level 6 in Necromancy
  2922 | D:2      | Gained mutation: Your magical nature lets you fly swiftly
                  | and evasively. [Tengu growth]
  2922 | D:2      | Reached XP level 5. HP: 27/30 MP: 6/9
  3129 | D:2      | Found a faded altar of an unknown god.
  4023 | D:4      | Mangled by a scorpion

Illustrated notes

Levels and vault maps discovered:
D:1:      tarquinn_simple_flora_water_d, layout_basic, serial_forest,
          infiniplex_forest_clump_cross, infiniplex_forest_straight_2,
          infiniplex_forest_clump_long, infiniplex_forest_side_room,
          infiniplex_forest_join, infiniplex_forest_zigzag_2,
          infiniplex_forest_lined_2, minmay_tripent
D:2:      layout_rooms, hellmonk_ecumenical_altar_prayer_group,
          chequers_serial_rivers_micro_d
D:3:      layout_rooms, hangedman_abyss_or_decor_lesser_grid
D:4:      layout_loops_ring, grunt_tough_drop

Skill      XL: |  1  2  3  4 |
---------------+-------------+-----
Fighting       | 1 2 |  2.5
Necromancy     | 5 6 |  6.5
Dodging        | |  2.1
Stealth        | |  2.0
Spellcasting   | |  2.0

Action                   |  1- 3 |  4- 6 || total
-------------------------+-------+-------++-------
Melee: Short sword       |    60 |       ||    60
       Kick              |    11 |    24 ||    35
       Peck              |     8 |    13 ||    21
       Spear             |       |   123 ||   123
 Cast: Pain              |    31 |    17 ||    48
       Vampiric Draining |       |     4 ||     4
  Use: Scroll            |       |     6 ||     6
       Potion            |       |     1 ||     1
 Stab: Sleeping          |     5 |     2 ||     7
Armor: Robe              |    12 |    20 ||    32
Dodge: Dodged            |    51 |    83 ||   134

Table legend: (Time is in decaauts)
 A = Elapsed time spent in this place.
 B = Non-inter-level travel time spent in this place.
 C = Inter-level travel time spent in this place.
 D = Time resting spent in this place.
 E = Time spent auto-exploring this place.
 F = Levels seen in this place.
 G = Mean time per level.
                   A        B        C        D        E       F      G
               +--------+--------+--------+--------+--------+-----+--------+
         Total |   3976 |   3886 |     90 |   1363 |   1659 |   4 |  994.0 |
       Dungeon |   3976 |   3886 |     90 |   1363 |   1659 |   4 |  994.0 |
               +--------+--------+--------+--------+--------+-----+--------+

Top non-repeatable levels by time:
     D:1: 1921 daAuts
     D:2: 1224 daAuts
     D:3: 580 daAuts
     D:4: 250 daAuts
